 Dungeon Crawl Stone Soup version 0.32-a0-163-g159c032296 (webtiles) character file.

Game seed: 15472422340615739086

571 croobank the Sneak (level 7, -25/45 HPs)
             Began as an Octopode Summoner on Feb 11, 2024.
             Killed by an exploding blazeheart core (38 damage)
             ... on level 4 of the Dungeon.
             The game lasted 00:11:14 (4574 turns).

croobank the Sneak (Octopode Summoner)              Turns: 4574, Time: 00:11:15

Health: -25/45     AC:  1    Str:  7    XL:     7   Next: 34%
Magic:  5/12       EV: 14    Int: 19    God:
Gold:   200        SH:  0    Dex: 13    Spells: 3/13 levels left

rFire   . . .        d - +0 rapier
rCold   . . .        (no shield)
rNeg    . . .        (helmet currently unavailable)
rPois   .            (no amulet)
rElec   .            (no ring)
rCorr   .            (no ring)
SInv    .            (no ring)
Will    .....        (no ring)
Stlth   ++++         (no ring)
HPRegen 0.27/turn    (no ring)
MPRegen 0.13/turn    (no ring)
                     (no ring)

%: no passive effects
@: beast-form, unable to call your familiar
A: beast (slay +0), almost no armour, amphibious, 8 rings, camouflage 1,
gelatinous body 1, (nimble swimmer 1), tentacles
a: Begin Untransformation


You were on level 4 of the Dungeon.
You were a hulking beast.
You visited 1 branch of the dungeon, and saw 4 of its levels.

You collected 226 gold pieces.
You spent 26 gold pieces at shops.

Inventory:

Hand Weapons
 d - a +0 rapier (weapon)
 e - a +1 antimagic dagger
 i - a +0 war axe
Missiles
 f - 9 poisoned darts
 h - 2 javelins
Armour
 o - a +0 buckler
Talismans
 b - a beast talisman (active)
Scrolls
 k - a scroll of amnesia
Potions
 a - a potion of magic
 c - 2 potions of curing
 g - a potion of brilliance
 j - a potion of cancellation
 l - a potion of attraction
 m - a potion of berserk rage
 n - a potion of heal wounds


   Skills:
 + Level 2.6 Fighting
 + Level 3.8 Dodging
 + Level 5.2 Stealth
 + Level 3.5 Spellcasting
 + Level 5.1 Summonings
 * Level 2.2 Fire Magic


You had 3 spell levels left.
You knew the following spells:

 Your Spells              Type           Power      Damage    Failure   Level
a - Summon Small Mammal   Summ           88%        N/A       1%          1
b - Call Imp              Summ           44%        N/A       2%          2
c - Call Canine Familiar  Summ           22%        N/A       5%          3
d - Summon Blazeheart Go  Fire/Summ      17%        N/A       32%         4

Your spell library contained the following spells:

 Spells                   Type           Power      Damage    Failure   Level
 Slow                     Hex            12%        N/A       14%         1
 Confusing Touch          Hex            3%         N/A       41%         3
 Sigil of Binding         Hex            3%         N/A       41%         3
 Vampiric Draining        Necr           3%         2d6       41%         3
 Summon Lightning Spire   Summ/Air       13%        N/A       45%         4
 Orb of Destruction       Conj           1%         9d5       100%        7
 Spellforged Servitor     Conj/Summ      6%         N/A       100%        7


Dungeon Overview and Level Annotations

Branches:
Dungeon (4/15)
 Temple: D:4-7

Altars:
The Shining One

Shops:
D:1 *   D:3 =


Innate Abilities, Weirdness & Mutations

You are a hulking beast.
Your limbs bulge with bestial killing power. (Slay +0)
You cannot wear most types of armour.
You are amphibious.
You can wear up to eight rings at the same time.
Your skin changes colour to match your surroundings (Stealth+).
Your rubbery body absorbs attacks. (AC +1, EV +1)
((You are camouflaged when in or above water. (Stealth+)))
You have tentacles for arms and can constrict up to eight enemies at once.


Message History

You call for your canine familiar and it appears with a howl!
Dowan hits you with a +0 dagger.
Your blazeheart golem punches Dowan!
Dowan dies!
Duvessa screams, "No!
How DARE you!"
Duvessa goes berserk!
Duvessa hits your blazeheart golem with a +0 rapier.
Duvessa hits your blazeheart golem with a +0 rapier!
Your blazeheart golem falls apart, revealing its core!
Duvessa misses your blazeheart core.
Your blazeheart core explodes!
The fiery explosion engulfs Duvessa!!
Your inugami barely misses Duvessa.
You hear an angry hiss.
Duvessa is engulfed in blazing flames. x2
Duvessa rages.
Casting: Call Canine Familiar (dangerous; 5% risk of failure)
Confirm with . or Enter, or press ? or * to list all spells.
A fiery spirit appears, bound in slag iron.
Duvessa is engulfed in blazing flames.
Duvessa rages.
Duvessa hits you with a +0 rapier.
* * * LOW HITPOINT WARNING * * *
Your blazeheart golem punches Duvessa!
Your blazeheart golem's core grows cold and it stops moving.
Your blazeheart golem's core flares to life once more.
Duvessa hits your blazeheart golem with a +0 rapier.
Your inugami closely misses Duvessa.
Duvessa hits your blazeheart golem with a +0 rapier!
Duvessa hits your blazeheart golem with a +0 rapier.
Your inugami hits Duvessa but does no damage.
Your blazeheart golem punches Duvessa but does no damage.
Your blazeheart golem falls apart, revealing its core!
Your blazeheart core explodes!
The fiery explosion engulfs your inugami!!
You kill your inugami!
Your inugami disappears in a puff of smoke!
The fiery explosion engulfs Duvessa!
You kill Duvessa!
The fiery explosion engulfs you!!!
Ouch! That really hurt!
You die...

#......#.
###+###. #......'
#. #......# #.
#......# ###.
#......#### #...
#......#..# #.>.
#...☼☼.'..# #...
#...§☼§#...# #...
#...☼h.# .## ####
#......####
#......#..##
#......'.... #..
#......#..##
.##.. #......#..#
.'..
#......#..######.
#..
#......'.........
#).
#.)....#......#
#..


There were no monsters in sight!

Vanquished Creatures
  Duvessa (D:4)
  2 orc priests
  3 adders
  2 gnolls (D:4)
  3 ribbon worms
  A dart slug (D:3)
  2 orcs (D:4)
  4 ball pythons
  2 bats (D:1)
  4 endoplasms
  4 giant cockroaches
  2 goblins
  2 hobgoblins
  3 jackals (D:2)
  A quokka (D:3)
  A rat (D:1)
37 creatures vanquished.

Vanquished Creatures (collateral kills)
  Dowan (D:4)
  A jelly (D:4)
  2 orc priests
  3 orc wizards
  An iguana (D:4)
  Natasha (D:4)
  7 gnolls
  3 adders
  2 ribbon worms
  3 dart slugs
  7 orcs
  3 ball pythons (D:1)
  3 endoplasms
  2 giant cockroaches
  4 goblins
  3 hobgoblins (D:1)
  A jackal (D:2)
  2 bats
  6 frilled lizards
  2 kobolds
  2 rats
59 creatures vanquished.

Vanquished Creatures (others)
  2 blazeheart cores (D:4)
2 creatures vanquished.

Grand Total: 98 creatures vanquished

Notes
Turn   | Place    | Note
-------+----------+-------------------------------------------
     0 | D:1      | croobank the Octopode Summoner began the quest for the Orb.
     0 | D:1      | Reached XP level 1. HP: 11/11 MP: 3/3
   256 | D:1      | Reached XP level 2. HP: 15/17 MP: 1/5
   300 | D:1      | Learned a level 2 spell: Call Imp
   555 | D:1      | Reached XP level 3. HP: 20/21 MP: 6/6
   579 | D:1      | Learned a level 3 spell: Call Canine Familiar
   590 | D:1      | Found Wofo's General Store.
   634 | D:1      | Bought a scroll of identify for 26 gold pieces
  1413 | D:2      | HP: 1/22 [poisoned by an adder]
  1633 | D:2      | Reached XP level 4. HP: 27/27 MP: 7/7
  1810 | D:2      | Found a glowing golden altar of the Shining One.
  2009 | D:3      | Reached skill level 1 in Fighting
  2123 | D:3      | Reached XP level 5. HP: 22/33 MP: 3/9
  2491 | D:3      | Found Jaesote's Jewellery Boutique.
  2892 | D:3      | Found a glowing golden altar of the Shining One.
  3259 | D:3      | Reached XP level 6. HP: 8/39 MP: 4/10
  3483 | D:3      | Learned a level 4 spell: Summon Blazeheart Golem
  3636 | D:4      | Reached skill level 1 in Fire Magic
  3744 | D:4      | Reached skill level 5 in Summonings
  4044 | D:4      | Reached XP level 7. HP: 45/45 MP: 5/12
  4127 | D:4      | Noticed Natasha
  4139 | D:4      | Killed Natasha
  4140 | D:4      | Reached skill level 5 in Stealth
  4541 | D:4      | Noticed Dowan
  4546 | D:4      | Noticed Duvessa
  4566 | D:4      | Killed Dowan
  4574 | D:4      | Killed Duvessa
  4574 | D:4      | Killed by an exploding blazeheart core

Illustrated notes

Levels and vault maps discovered:
D:1:      dpeg_arrival_shelter, layout_basic, serial_shops, shop,
          minmay_misc_feat_enclosed, reono_crystal_passage
D:2:      layout_loops_cross, basic_altar
D:3:      layout_basic, marbit_many_paths, serial_shops, shop,
          grunt_decor_resistance
D:4:      layout_gridville, uniq_duvessa, uniq_natasha

Skill      XL: |  1  2  3  4  5  6  7 |
---------------+----------------------+-----
Stealth        | 3 4 5 |  5.2
Fighting       | 1 2 |  2.6
Dodging        | 3 |  3.8
Spellcasting   | 3 |  3.5
Fire Magic     | 1 2 |  2.2
Summonings     | 5 |  5.1

Action                     |  1- 3 |  4- 6 |  7- 9 || total
---------------------------+-------+-------+-------++-------
  Melee: Unarmed           |    32 |       |       ||    32
         Constrict         |    13 |    14 |     4 ||    31
         Tentacles         |    12 |    14 |     5 ||    31
         Punch             |     2 |       |       ||     2
         Rapier            |    12 |    44 |    12 ||    68
   Cast: Summon Small Mamm |    27 |    27 |     6 ||    60
         Call Imp          |    10 |    19 |     3 ||    32
         Call Canine Famil |     4 |    17 |     3 ||    24
         Summon Blazeheart |       |       |     3 ||     3
    Use: Scroll            |     4 |     8 |       ||    12
         Potion            |       |     1 |       ||     1
   Stab: Sleeping          |     7 |     5 |       ||    12
 Armour: Skin              |    29 |    44 |    18 ||    91
  Dodge: Dodged            |    35 |    63 |    15 ||   113
   Form: Beast             |     1 |       |       ||     1

Table legend: (Time is in decaauts)
 A = Elapsed time spent in this place.
 B = Non-inter-level travel time spent in this place.
 C = Inter-level travel time spent in this place.
 D = Time resting spent in this place.
 E = Time spent auto-exploring this place.
 F = Levels seen in this place.
 G = Mean time per level.
                   A        B        C        D        E       F      G
               +--------+--------+--------+--------+--------+-----+--------+
         Total |   4588 |   4521 |     67 |   1019 |   2592 |   4 | 1147.0 |
       Dungeon |   4588 |   4521 |     67 |   1019 |   2592 |   4 | 1147.0 |
               +--------+--------+--------+--------+--------+-----+--------+

Top non-repeatable levels by time:
     D:3: 1498 daAuts
     D:4: 1100 daAuts
     D:2: 1089 daAuts
     D:1: 900 daAuts
